 Dungeon Crawl Stone Soup version 0.20.0-15-g7f486f2 (webtiles) character file.

45982 Naow the Severer (level 14, -5/109 HPs)
             Began as a Deep Dwarf Fighter on June 10, 2017.
             Was a High Priest of Makhleb.
             Slain by Agnes
             ... wielding a +5 lajatang of electrocution
              (26 damage)
             ... on level 4 of the Lair of Beasts.
             The game lasted 00:51:47 (15132 turns).

Naow the Severer (Deep Dwarf Fighter)              Turns: 15132, Time: 00:51:48

Health: -5/109     AC: 25    Str: 29    XL:     14   Next: 3%
Magic:  0/5        EV: 15    Int: 10    God:    Makhleb [*****.]
Gold:   1103       SH: 14    Dex: 12    Spells: 13/13 levels left

rFire    . . .     SeeInvis .   a - +1 war axe
rCold    . . .     Gourm    .   c - +0 shield
rNeg     + . .     Faith    .   Q - +0 plate armour
rPois    .         Spirit   +   i - +0 helmet
rElec    .         Reflect  .   I - scarf {Spirit}
rCorr    .         Harm     .   S - +1 pair of gloves
MR       ++...                  (no boots)
Stlth    ..........             M - amulet of magic regeneration
Regen    0.0/turn               d - +3 ring of evasion
MPRegen  0.2/turn               P - +6 ring of protection

@: mighty, lethally poisoned (-5 -> -8), non-regenerating, studying Ice Magic
A: damage resistance, heal wounds, negative energy resistance 1, sense
surroundings 2, no regeneration
a: Heal Wounds, Minor Destruction, Lesser Servant of Makhleb, Major Destruction,
Greater Servant of Makhleb, Renounce Religion


You were on level 4 of the Lair of Beasts.
You worshipped Makhleb.
Makhleb was extremely pleased with you.
You were not hungry.

You visited 5 branches of the dungeon, and saw 20 of its levels.
You also visited: Sewer.

You collected 1103 gold pieces.

Inventory:

Hand Weapons
 a - a +1 war axe (weapon)
Armour
 c - a +0 shield (worn)
 i - a +0 helmet (worn)
 F - a scarf of cloud immunity
 I - a scarf of spirit shield (worn)
 Q - a +0 plate armour (worn)
 S - a +1 pair of gloves (worn)
Jewellery
 d - a +3 ring of evasion (left hand)
 t - a +3 ring of protection
 u - an uncursed ring of ice
 x - an uncursed ring of see invisible
 C - a +1 ring of evasion
 M - an amulet of magic regeneration (around neck)
 O - an uncursed ring of positive energy {unknown}
 P - a +6 ring of protection (right hand)
 X - a +3 ring of strength {unknown}
Wands
 p - a wand of acid (0/15)
 y - a wand of disintegration (4/24)
 A - a wand of disintegration (8/24)
 N - a wand of iceblast (0/15)
Scrolls
 b - 2 scrolls of enchant armour
 h - 7 scrolls of identify
 j - 10 scrolls of remove curse {unknown}
 m - 2 scrolls of fear
 o - 7 scrolls of teleportation
 w - 4 scrolls of magic mapping
 E - 2 scrolls of blinking
 R - a scroll of holy word
Potions
 g - 2 potions of flight
 l - 4 potions of magic
 n - 5 potions of mutation
 q - 7 potions of curing
 s - a potion of lignification
 z - 6 potions of haste
 B - 3 potions of degeneration
 H - 3 potions of agility
 J - 3 potions of cancellation
 L - 3 potions of resistance
 T - a potion of brilliance
 U - a potion of might
Books
 e - a book of Ice

   Spells                             Type                      Level
   a - Ice Form                       Ice/Transmutation            4
   b - Metabolic Englaciation         Hexes/Ice                    5
   c - Ozocubu's Refrigeration        Ice                          6
   d - Bolt of Cold                   Conjuration/Ice              6
   e - Freezing Cloud                 Conjuration/Ice/Air          6
   f - Simulacrum                     Ice/Necromancy               6
 r - a manual of Ice Magic
 Z - a book of Frost

   Spells                             Type                      Level
   a - Freeze                         Ice                          1
   b - Throw Frost                    Conjuration/Ice              2
   c - Ozocubu's Armour               Charms/Ice                   3
   d - Throw Icicle                   Conjuration/Ice              4
   e - Summon Ice Beast               Ice/Summoning                4
Comestibles
 f - 10 bread rations
 k - 7 meat rations
 v - 12 fruits
 G - 3 chunks of flesh
 K - 5 royal jellies


   Skills:
 - Level 2.6 Fighting
 * Level 17.0 Axes
 + Level 12.5 Armour
 + Level 10.0 Dodging
 + Level 12.7 Shields


You had 13 spell levels left.
You didn't know any spells.

Dungeon Overview and Level Annotations

Branches:
Dungeon (11/15)            Temple (1/1) D:5            Lair (6/6) D:9
 Shoals (0/4) Lair:4       Spider (1/4) Lair:4          Orc (1/2) D:11
  Slime: Lair:5-6

Altars:
Ashenzari
Cheibriados
Dithmenos
Elyvilon
Fedhas
Gozag
Hepliaklqana
Kikubaaqudgha
Makhleb
Nemelex Xobeh
Okawaru
Qazlal
Ru
Sif Muna
Trog
Uskayaw
Vehumet
Xom
Yredelemnul
Zin
The Shining One

Shops:
D:4 ?:(=   D:5 [%(   D:8 %   D:9 %

Annotations:
Lair:4 Agnes


Innate Abilities, Weirdness & Mutations

You are resistant to damage.
You can heal yourself by infusing magical energy.
You resist negative energy. (rN+)
You passively map the area around you.
You do not regenerate.


Message History

You feel sick. You block Agnes's attack.
The jumping spider leaps!
You feel very sick. Agnes hits you but does no damage.
You are electrocuted!
* * * LOW HITPOINT WARNING * * *
You fail to use your ability.
You feel very sick.
Agnes hits you with a lajatang of electrocution.
* * * LOW HITPOINT WARNING * * *
You are electrocuted!
* * * LOW HITPOINT WARNING * * *
Your magical essence is drained by the effort!
You feel much better.
You feel sick. You block Agnes's attack.
Agnes hits you with a lajatang of electrocution.
You are electrocuted!
* * * LOW HITPOINT WARNING * * *
You feel much better.
You feel sick. Agnes barely misses you.
You feel very mighty all of a sudden.
You feel sick. You block Agnes's attack.
Agnes hits you with a lajatang of electrocution!!
You die...

#..........# #..........####
###.P.....P....P#
#...P....P.....##
#.(.P..P.[PP....#
#.PP..P..P.P...##
###.P.PP.....P.P.####
#...P....>........#.#
##...........P..@##.##
#............P..#is..#
##.....PPPPP....#....##
###...P.P............####
#.#..P.....P....>.......#
##...#.P.PP..............##
#............)............#
#......#...........##PP.P##
...................ยง#....###


You could see an emperor scorpion and Agnes.

Vanquished Creatures
  Harold (D:11)
  A hydra (Lair:5)
  An ice dragon (D:10)
  A catoblepas (Lair:6)
  Erica (D:11)
  2 two-headed ogres
  A deep troll shaman (Lair:6)
  12 death yaks
  A lindwurm (Lair:6)
  A cyclops (Orc:1)
  A deep elf mage (D:10)
  An ugly thing (D:11)
  15 elephants
  3 black mambas (Lair:5)
  A gargoyle (D:10)
  A centaur zombie (D:10)
  7 spiny frogs
  Psyche (D:9)
  A kobold demonologist (D:11)
  3 rime drakes
  6 komodo dragons
  2 trolls
  5 polar bears
  6 dream sheep (Lair:5)
  8 blink frogs
  9 hippogriffs
  A spriggan (D:7)
  15 yaks
  A vampire (D:10)
  The ghost of ShornTheSheep the Cudgeler, an amateur DrBe of Trog (D:3)
  A basilisk (Lair:1)
  Menkaure (D:5)
  A soldier ant (D:11)
  Duvessa (D:7)
  15 water moccasins
  8 porcupines
  2 black bears
  6 ice beasts
  6 orc warriors
  9 ogres
  4 phantoms
  18 wolves
  6 centaurs
  12 crocodiles
  8 big kobolds
  2 gnoll sergeants (D:11)
  20 bullfrogs
  Dowan (D:7)
  A wyvern skeleton (D:8)
  A scorpion (D:5)
  3 wights (D:7)
  5 killer bees (D:8)
  13 howler monkeys
  2 vampire bats (D:4)
  An electric eel (Lair:6)
  2 orc priests
  4 crimson imps
  A quasit (D:9)
  6 orc wizards
  A hound (D:10)
  3 jellies
  A bullfrog skeleton (D:10)
  A centaur skeleton (D:5)
  Jessica (D:2)
  3 iguanas (D:10)
  3 worker ants
  4 hell rats (Lair:4)
  A hound zombie (D:11)
  A hound skeleton (D:6)
  A worker ant zombie (D:8)
  5 gnolls
  16 adders
  4 river rats
  5 oozes
  An adder skeleton (D:8)
  5 worms
  2 dart slugs
  3 leopard geckos
  29 orcs
  8 ball pythons
  8 giant cockroaches
  7 goblins (D:1)
  4 hobgoblins (D:1)
  5 jackals
  2 quokkas
  9 bats
  4 frilled lizards
  A jackal zombie (D:5)
  19 kobolds
  A quokka zombie (D:8)
  8 rats
  6 fungi
442 creatures vanquished.

Vanquished Creatures (others)
  2 fungi (Lair:5)
  7 plants
9 creatures vanquished.

Grand Total: 451 creatures vanquished

Notes
Turn   | Place    | Note
-------+----------+-------------------------------------------
     0 | D:1      | Naow the Deep Dwarf Fighter began the quest for the Orb.
     0 | D:1      | Reached XP level 1. HP: 20/20 MP: 1/1
   206 | D:1      | Reached XP level 2. HP: 25/27 MP: 2/2
   384 | D:1      | Reached XP level 3. HP: 27/33 MP: 3/3
   396 | D:1      | Reached skill level 3 in Axes
   955 | D:2      | Noticed Jessica
   961 | D:2      | Killed Jessica
   961 | D:2      | Reached XP level 4. HP: 29/40 MP: 4/4
  1327 | D:3      | Reached skill level 4 in Axes
  1419 | D:3      | Noticed ShornTheSheep's ghost (amateur DrBe)
  1742 | D:3      | Reached XP level 5. HP: 19/46 MP: 5/5
  1852 | D:3      | Killed ShornTheSheep's ghost
  1852 | D:3      | Reached skill level 5 in Axes
  1852 | D:3      | Reached XP level 6. HP: 19/55 MP: 6/6
  2308 | D:4      | Found Enoegoot's Magic Scroll Shop.
  2434 | D:4      | Found Uxel's Book Boutique.
  2615 | D:4      | Reached skill level 5 in Shields
  2796 | D:4      | Reached skill level 5 in Armour
  2884 | D:4      | Found Ugyn's Weapon Emporium.
  2963 | D:4      | Found Ciqucvukh's Jewellery Boutique.
  3023 | D:4      | Reached skill level 6 in Axes
  3033 | D:4      | Reached XP level 7. HP: 43/61 MP: 6/6
  3054 | D:5      | Entered Level 5 of the Dungeon
  3057 | D:5      | Found Waittoru's Food Shop.
  3142 | D:5      | Found a staircase to the Ecumenical Temple.
  3149 | Temple   | Entered the Ecumenical Temple
  3473 | D:5      | Found a glowing drain.
  3547 | Sewer    | Entered a sewer
  3570 | Sewer    | Reached skill level 7 in Axes
  3739 | Sewer    | Reached XP level 8. HP: 40/68 MP: 7/7
  4125 | Sewer    | Reached skill level 8 in Axes
  4196 | D:5      | Noticed Menkaure
  4203 | D:5      | Killed Menkaure
  4345 | D:5      | Found Vesma's Armour Shop.
  4377 | D:5      | Found a hazy altar of Hepliaklqana.
  4712 | D:5      | Found Sytilyop's Antique Weapon Shoppe.
  4877 | D:6      | Found a hide-covered altar of Uskayaw.
  4877 | D:6      | Found a glowing silver altar of Zin.
  4878 | D:6      | Found a deep blue altar of Sif Muna.
  4901 | D:6      | Found a burning altar of Makhleb.
  4912 | D:6      | Became a worshipper of Makhleb the Destroyer
  4959 | D:6      | Reached skill level 9 in Axes
  5012 | D:7      | Gained mutation: You passively map the area around you. [Deep Dwarf growth]
  5012 | D:7      | Reached XP level 9. HP: 32/74 MP: 7/7
  5225 | D:7      | Noticed Duvessa
  5230 | D:7      | Noticed Dowan
  5244 | D:7      | Killed Duvessa
  5258 | D:7      | Killed Dowan
  5376 | D:7      | Reached skill level 10 in Axes
  5386 | D:7      | Reached * piety under Makhleb
  6261 | D:8      | Reached skill level 11 in Axes
  6284 | D:8      | Found Nulucey's Food Shop.
  6551 | D:8      | Found a white marble altar of Elyvilon.
  6881 | D:9      | Reached skill level 1 in Dodging
  6957 | D:9      | Noticed Psyche
  6960 | D:9      | Noticed a troll
  6969 | D:9      | Killed Psyche
  6969 | D:9      | Reached XP level 10. HP: 55/81 MP: 0/6
  7301 | D:9      | Found a staircase to the Lair.
  7325 | D:9      | Noticed a two-headed ogre
  7340 | D:9      | Killed a two-headed ogre
  7340 | D:9      | Reached ** piety under Makhleb
  7390 | D:9      | Found Bakut's Food Boutique.
  7511 | D:10     | Entered Level 10 of the Dungeon
  7624 | D:10     | Reached skill level 12 in Axes
  7810 | D:10     | Noticed a two-headed ogre
  7822 | D:10     | Killed a two-headed ogre
  7854 | D:10     | Found a blossoming altar of Fedhas.
  7883 | D:10     | Noticed a gargoyle
  7906 | D:10     | Killed a gargoyle
  8038 | D:10     | Noticed a deep elf mage
  8070 | D:10     | Killed a deep elf mage
  8450 | D:10     | Reached XP level 11. HP: 88/88 MP: 6/6
  8600 | D:11     | Noticed Harold
  8632 | D:11     | Killed Harold
  8770 | D:11     | Reached skill level 5 in Dodging
  8862 | D:11     | Noticed a purple ugly thing
  8890 | D:11     | Killed a purple ugly thing
  8890 | D:11     | Reached skill level 13 in Axes
  8891 | D:11     | Noticed Erica
  8959 | D:11     | Noticed an ice dragon
  8991 | D:10     | Reached skill level 10 in Shields
  9003 | D:10     | Killed an ice dragon
  9236 | D:11     | Killed Erica
  9236 | D:11     | Reached skill level 10 in Armour
  9492 | D:11     | Found a staircase to the Orcish Mines.
  9577 | D:11     | Reached *** piety under Makhleb
  9746 | Orc:1    | Entered Level 1 of the Orcish Mines
  9772 | Orc:1    | Noticed a stone giant
  9930 | Lair:1   | Entered Level 1 of the Lair of Beasts
 10063 | Lair:1   | Reached skill level 14 in Axes
 10485 | Lair:1   | Reached XP level 12. HP: 72/96 MP: 0/6
 10928 | Lair:2   | Reached **** piety under Makhleb
 11884 | Lair:3   | Reached skill level 15 in Axes
 12638 | Lair:4   | Found a hole to the Spider Nest.
 12658 | Lair:4   | Found a staircase to the Shoals.
 13052 | Lair:5   | Reached ***** piety under Makhleb
 13089 | Lair:5   | Reached XP level 13. HP: 73/102 MP: 0/7
 13766 | Lair:6   | Entered Level 6 of the Lair of Beasts
 13859 | Lair:6   | Reached skill level 16 in Axes
 14341 | Lair:6   | Found a shattered altar of Ashenzari.
 14799 | Lair:6   | Reached skill level 10 in Dodging
 14815 | Lair:6   | Reached skill level 17 in Axes
 14815 | Lair:6   | Gained mutation: You resist negative energy. (rN+) [Deep Dwarf growth]
 14815 | Lair:6   | Reached XP level 14. HP: 46/109 MP: 0/8
 15097 | Spider:1 | Entered Level 1 of the Spider Nest
 15097 | Spider:1 | Noticed Agnes
 15101 | Spider:1 | Noticed an emperor scorpion
 15116 | Spider:1 | HP: 1/109 [emperor scorpion (11)]
 15129 | Lair:4   | HP: 4/109 [Agnes/lajatang of electrocution (10)]
 15132 | Lair:4   | Slain by Agnes

Skill      XL: |  1  2  3  4  5  6  7  8  9 10 11 12 13 |
---------------+----------------------------------------+-----
Axes           | 3 4 5 6 7 9 11 12 14 15 17 | 17.0
Shields        | 4 5 6 7 8 9 10 11 12 | 12.7
Armour         | 4 5 7 8 9 10 11 12 | 12.5
Dodging        | 1 4 6 8 10 | 10.0
Fighting       | |  2.6

Action                   |  1- 3 |  4- 6 |  7- 9 | 10-12 | 13-15 || total
-------------------------+-------+-------+-------+-------+-------++-------
Melee: War axe           |    88 |   186 |   694 |  1111 |   677 ||  2756
 Abil: Heal Wounds       |       |     3 |    10 |     8 |    12 ||    33
Evoke: Wand              |       |       |       |       |    12 ||    12
  Use: Potion            |       |       |     1 |     2 |     2 ||     5
       Scroll            |       |       |       |    25 |     3 ||    28
 Stab: Petrified         |       |       |       |       |    11 ||    11
       Petrifying        |       |       |       |       |     3 ||     3
  Eat: Chunk             |       |     7 |    15 |    16 |     8 ||    46
       Meat ration       |       |       |       |     1 |       ||     1
Armor: Scale mail        |    30 |    86 |   191 |       |       ||   307
       Plate armour      |       |       |    32 |   394 |   350 ||   776
Dodge: Dodged            |    22 |    61 |   157 |   369 |   326 ||   935
Block: Shield            |    45 |   101 |   344 |   590 |   467 ||  1547
